 Dungeon Crawl Stone Soup version 0.30-a0-1161-g0704695555 (webtiles) character file.

Game seed: 3269467392789683801

295 retardedninja the Firebug (level 6, -7/46 HPs)
             Began as a Gnoll Fire Elementalist on Apr 27, 2023.
             Mangled by Natasha (11 damage)
             ... on level 3 of the Dungeon.
             The game lasted 00:03:14 (2536 turns).

retardedninja the Firebug (Gnoll Fire Elementalist) Turns: 2536, Time: 00:03:20

Health: -7/46      AC:  2    Str:  7    XL:     6   Next: 34%
Magic:  12/14      EV: 13    Int: 16    God:
Gold:   162        SH:  0    Dex: 13    Spells: 12/15 levels left

rFire   . . .        e - +0 spear
rCold   . . .        (no shield)
rNeg    . . .        a - +0 robe
rPois   .            (no helmet)
rElec   .            (no cloak)
rCorr   +            (no gloves)
SInv    .            (no boots)
Will    +....        (no amulet)
Stlth   +++          f - ring of resist corrosion
HPRegen 0.27/turn    g - ring of willpower
MPRegen 0.14/turn

%: no passive effects
@: studying Fighting
A: fangs 1, strong nose, distributed training
a: no special abilities


You were on level 3 of the Dungeon.
You visited 1 branch of the dungeon, and saw 3 of its levels.

You collected 162 gold pieces.

Inventory:

Hand Weapons
 e - a +0 spear (weapon)
Armour
 a - a +0 robe (worn)
 r - a +1 cloak
Jewellery
 f - a ring of resist corrosion (left hand)
 g - a ring of willpower (right hand)
 i - a +4 ring of protection
 j - a +4 ring of slaying
 q - a ring of protection from fire
Scrolls
 h - a scroll of fear {unknown}
 k - a scroll of blinking {unknown}
 l - a scroll of enchant weapon {unknown}
 n - a scroll of poison {unknown}
 o - 2 scrolls of identify {unknown}
Potions
 c - a potion of curing
 d - a potion of flight {unknown}
 m - a potion of ambrosia {unknown}
 p - a potion of haste {unknown}


   Skills:
 + Level 2.7 Fighting
 + Level 2.0 Short Blades
 + Level 2.0 Long Blades
 + Level 2.0 Axes
 + Level 2.0 Maces & Flails
 + Level 2.0 Polearms
 + Level 2.0 Staves
 + Level 2.0 Ranged Weapons
 + Level 2.0 Throwing
 + Level 2.0 Armour
 + Level 5.0 Dodging
 + Level 4.6 Stealth
 + Level 2.0 Shields
 + Level 2.0 Unarmed Combat
 + Level 5.4 Spellcasting
 + Level 2.6 Conjurations
 + Level 1.5 Hexes
 + Level 1.5 Summonings
 + Level 1.5 Necromancy
 + Level 1.5 Translocations
 + Level 1.5 Transmutations
 + Level 5.6 Fire Magic
 + Level 1.5 Ice Magic
 + Level 1.5 Air Magic
 + Level 1.5 Earth Magic
 + Level 1.5 Poison Magic
 + Level 2.2 Invocations
 + Level 2.0 Evocations


You had 12 spell levels left.
You knew the following spells:

 Your Spells              Type           Power      Damage    Failure   Level
a - Foxfire               Conj/Fire      68%        2x1d7     2%          1
b - Scorch                Fire           44%        2d6       2%          2

Your spell library contained the following spells:

 Spells                   Type           Power      Damage    Failure   Level
 Apportation              Tloc           18%        N/A       8%          1
 Necrotise                Necr           36%        1d5       8%          1
 Summon Small Mammal      Summ           36%        N/A       8%          1
 Inner Flame              Hex/Fire       15%        N/A       10%         3
 Volatile Blastmotes      Fire/Tloc      30%        2d12      10%         3
 Dazzling Flash           Conj/Hex       22%        N/A       19%         3
 Flame Wave               Conj/Fire      17%        2d7       26%         4
 Iskenderun's Mystic Bla  Conj/Tloc      11%        2d4       52%         4
 Yara's Violent Unravell  Hex/Tmut       4%         3d4       91%         5
 Starburst                Conj/Fire      8%         6d4       99%         6
 Enfeeble                 Hex            4%         N/A       100%        7


Dungeon Overview and Level Annotations

Branches:
Dungeon (3/15)

Altars:

Annotations:
D:3 Natasha


Innate Abilities, Weirdness & Mutations

You have very sharp teeth.
Your uncanny sense of smell can sniff out nearby items.
Your experience applies equally to all skills.


Message History

Natasha barely misses you.
You hit Natasha. Your bite misses Natasha.
Natasha is heavily wounded.
Natasha claws you!
You closely miss Natasha. Your bite misses Natasha.
Natasha is heavily wounded.
Natasha claws you.
You hit Natasha but do no damage.
Natasha is heavily wounded.
Natasha claws you.
You hit Natasha. You bite Natasha, but do no damage.
Natasha is severely wounded.
Natasha casts a spell.
You hit Natasha but do no damage.
Natasha is severely wounded.
Natasha drinks a potion.
Natasha seems to grow stronger.
Casting: Foxfire (safe; 2% risk of failure)
Press: ? - help, Q - select action, (/) - cycle Dir - look around, f - activate You conjure some foxfire!
Natasha claws you!
* * * LOW HITPOINT WARNING * * *
The cerulean imp hits you from afar with a +1 spear.
* * * LOW HITPOINT WARNING * * *
It was a potion of curing.
You feel better.
The foxfire hits Natasha.
Natasha is severely wounded.
The foxfire hits Natasha.
Natasha is almost dead.
Natasha claws you.
* * * LOW HITPOINT WARNING * * *
The cerulean imp hits you but does no damage.
Magic courses through your body. Natasha claws you!
* * * LOW HITPOINT WARNING * * *
The cerulean imp closely misses you.
Casting: Foxfire (safe; 2% risk of failure)
Confirm with . or Enter, or press ? or * to list all spells.
Flames lash the cerulean imp.
The cerulean imp is moderately wounded.
The cerulean imp's fire resistance burns away.
Natasha claws you!
You die...

#... .# #... ##.### #...
#.....## #... #.......
####..†##########...#.#.
..........>....#....#.#.
..$................##...
.......@h5.....#...##)#.
####.>.###.##.......<.#.
#... #§#####.#....).
#... #.##.......####
#[.. #.......##.# ....
####.##.##.# .#... #.
#..... ..#... # ####..#
#..#


You could see Natasha (strong) and a cerulean imp (summoned, combustible).

Vanquished Creatures
  Grinder (D:3)
  Natasha (twice) (D:3)
  An orc (D:3)
  6 ball pythons
  4 endoplasms
  2 giant cockroaches (D:1)
  2 goblins (D:1)
  4 hobgoblins
  4 jackals (D:1)
  5 quokkas
  11 bats
  3 frilled lizards (D:1)
  4 kobolds
  4 rats
53 creatures vanquished.

Vanquished Creatures (others)
  246 foxfires
246 creatures vanquished.

Grand Total: 299 creatures vanquished

Notes
Turn   | Place    | Note
-------+----------+-------------------------------------------
     0 | D:1      | retardedninja the Gnoll Fire Elementalist began the quest
                  | for the Orb.
     0 | D:1      | Reached XP level 1. HP: 13/13 MP: 6/6
   239 | D:1      | Reached XP level 2. HP: 19/19 MP: 4/7
   784 | D:1      | Reached skill level 5 in Spellcasting
   784 | D:1      | Reached XP level 3. HP: 25/25 MP: 5/9
  1213 | D:1      | Reached skill level 1 in Invocations
  1645 | D:2      | Reached skill level 1 in Fighting
  1923 | D:2      | Reached skill level 1 in Short Blades
  1923 | D:2      | Reached skill level 1 in Long Blades
  1923 | D:2      | Reached skill level 1 in Axes
  1923 | D:2      | Reached skill level 1 in Maces & Flails
  1923 | D:2      | Reached skill level 1 in Polearms
  1923 | D:2      | Reached skill level 1 in Staves
  1923 | D:2      | Reached skill level 1 in Ranged Weapons
  1923 | D:2      | Reached skill level 1 in Throwing
  1923 | D:2      | Reached skill level 1 in Armour
  1923 | D:2      | Reached skill level 1 in Shields
  1923 | D:2      | Reached skill level 1 in Unarmed Combat
  1923 | D:2      | Reached skill level 1 in Evocations
  2386 | D:3      | Noticed Natasha
  2394 | D:3      | Killed Natasha
  2395 | D:3      | Reached XP level 4. HP: 25/32 MP: 6/11
  2398 | D:3      | Learned a level 2 spell: Scorch
  2414 | D:3      | Reached skill level 1 in Hexes
  2414 | D:3      | Reached skill level 1 in Summonings
  2414 | D:3      | Reached skill level 1 in Necromancy
  2414 | D:3      | Reached skill level 1 in Translocations
  2414 | D:3      | Reached skill level 1 in Transmutations
  2414 | D:3      | Reached skill level 1 in Ice Magic
  2414 | D:3      | Reached skill level 1 in Air Magic
  2414 | D:3      | Reached skill level 1 in Earth Magic
  2414 | D:3      | Reached skill level 1 in Poison Magic
  2463 | D:3      | Noticed Grinder
  2472 | D:3      | Paralysed by Grinder for 2 turns
  2476 | D:3      | Killed Grinder
  2477 | D:3      | Reached skill level 5 in Dodging
  2477 | D:3      | Reached XP level 5. HP: 31/39 MP: 0/12
  2477 | D:3      | Reached XP level 6. HP: 36/46 MP: 0/14
  2506 | D:3      | Noticed Natasha
  2512 | D:3      | Killed Natasha
  2521 | D:3      | Noticed Natasha
  2536 | D:3      | Mangled by Natasha

Illustrated notes

Levels and vault maps discovered:
D:1:      minmay_arrival_three_doors, layout_basic, fountainhead
D:2:      layout_loops_ring, hangedman_abyss_or_decor_stabs
D:3:      layout_loops_cross, nicolae_wormholes, uniq_grinder, uniq_terence,
          uniq_natasha

Skill      XL: |  1  2  3  4 |
---------------+-------------+-----
Conjurations   | 2 |  2.6
Spellcasting   | 5 |  5.4
Invocations    | 1 2 |  2.2
Fighting       | 1 2 |  2.7
Short Blades   | 1 2 |  2.0
Long Blades    | 1 2 |  2.0
Axes           | 1 2 |  2.0
Maces & Flails | 1 2 |  2.0
Polearms       | 1 2 |  2.0
Staves         | 1 2 |  2.0
Ranged Weapons | 1 2 |  2.0
Throwing       | 1 2 |  2.0
Armour         | 1 2 |  2.0
Shields        | 1 2 |  2.0
Unarmed Combat | 1 2 |  2.0
Evocations     | 1 2 |  2.0
Hexes          | 1 |  1.5
Summonings     | 1 |  1.5
Necromancy     | 1 |  1.5
Translocations | 1 |  1.5
Transmutations | 1 |  1.5
Ice Magic      | 1 |  1.5
Air Magic      | 1 |  1.5
Earth Magic    | 1 |  1.5
Poison Magic   | 1 |  1.5
Dodging        | 5 |  5.0
Stealth        | |  4.6
Fire Magic     | |  5.6

Action                     |  1- 3 |  4- 6 || total
---------------------------+-------+-------++-------
  Melee: Spear             |     7 |     7 ||    14
         Bite              |     1 |     1 ||     2
         Punch             |     1 |       ||     1
   Cast: Foxfire           |   134 |    14 ||   148
         Scorch            |       |     5 ||     5
    Use: Potion            |       |     2 ||     2
 Armour: Robe              |     9 |     2 ||    11
  Dodge: Dodged            |     7 |     4 ||    11

Table legend: (Time is in decaauts)
 A = Elapsed time spent in this place.
 B = Non-inter-level travel time spent in this place.
 C = Inter-level travel time spent in this place.
 D = Time resting spent in this place.
 E = Time spent auto-exploring this place.
 F = Levels seen in this place.
 G = Mean time per level.
                   A        B        C        D        E       F      G
               +--------+--------+--------+--------+--------+-----+--------+
         Total |   2538 |   2483 |     55 |      9 |   2008 |   3 |  846.0 |
       Dungeon |   2538 |   2483 |     55 |      9 |   2008 |   3 |  846.0 |
               +--------+--------+--------+--------+--------+-----+--------+

Top non-repeatable levels by time:
     D:1: 1554 daAuts
     D:2: 835 daAuts
     D:3: 148 daAuts
